 Dungeon Crawl Stone Soup version 0.28-a0-1435-g82390b3a13 (webtiles) character file.

Game seed: 12897410124750052988

204 Lekart the Skirmisher (level 5, 0/47 HPs)
             Began as a Draconian Fighter on Jan 9, 2022.
             Killed by divine providence
             ... invoked by an orc priest
              (8 damage)
             ... on level 4 of the Dungeon.
             The game lasted 00:03:25 (3685 turns).

Lekart the Skirmisher (Draconian Fighter)           Turns: 3685, Time: 00:03:26

Health: 0/47       AC:  5    Str: 18    XL:     5   Next: 52%
Magic:  5/5        EV: 12    Int:  9    God:
Gold:   162        SH: 10    Dex: 12    Spells: 4/4 levels left

rFire   . . .      SeeInvis .   n - +4 spear
rCold   . . .      Faith    .   b - +0 buckler
rNeg    . . .      Spirit   .   (armour unavailable)
rPois   .          Reflect  +   (helmet restricted)
rElec   .          Harm     .   (no cloak)
rCorr   .          Rampage  .   (no gloves)
Will    .....                   (no boots)
Stlth   +.........              g - amulet of reflection
HPRegen 0.15/turn               (no ring)
MPRegen 0.09/turn               (no ring)

@: no status effects
A: AC +5, unfitting armour, cold-blooded
a: no special abilities


You were on level 4 of the Dungeon.
You visited 1 branch of the dungeon, and saw 4 of its levels.

You collected 162 gold pieces.

Inventory:

Hand Weapons
 n - a +4 spear (weapon)
Armour
 b - a +0 buckler (worn)
Jewellery
 g - an amulet of reflection (around neck)
 h - an amulet of regeneration
Wands
 a - a wand of flame (7)
Scrolls
 d - 2 scrolls of identify
 j - a scroll of immolation {unknown}
 l - a scroll of enchant armour {unknown}
 m - 2 scrolls of vulnerability {unknown}
Potions
 c - a potion of might
 f - a potion of brilliance
 i - a potion of heal wounds
 k - 2 potions of lignification {unknown}
 o - a potion of curing {unknown}


   Skills:
 * Level 4.7 Fighting
 + Level 3.3 Long Blades
 + Level 0.1 Polearms
 + Level 3.5 Dodging
 + Level 3.9 Shields


You had 4 spell levels left.
You didn't know any spells.
Your spell library contained the following spells:

 Spells                   Type           Power      Damage    Failure   Level
 Animate Skeleton         Necr           0%         N/A       45%         1
 Apportation              Tloc           0%         N/A       45%         1
 Magic Dart               Conj           0%         1d3       45%         1
 Summon Small Mammal      Summ           0%         N/A       45%         1
 Call Imp                 Summ           0%         N/A       61%         2
 Mephitic Cloud           Conj/Pois/Air  0%         N/A       83%         3


Dungeon Overview and Level Annotations

Branches:
Dungeon (4/15)
 Temple: D:4-7

Altars:

Shops:
D:2 *


Innate Abilities, Weirdness & Mutations

Your plain brown scales are hard. (AC +5)
You cannot fit into any form of body armour.
You are cold-blooded and may be slowed by cold attacks.


Message History

An orc wizard comes into view. It is wielding a +0 dagger.
The orc priest moves out of view.
The orc shouts! x2
There are monsters nearby!
You hit the orc wizard.
The orc wizard is moderately wounded.
The orc wizard misses you.
There are monsters nearby!
You barely miss the orc wizard.
The orc wizard is moderately wounded.
The orc closely misses you.
The orc wizard hits you with a +0 dagger.
The orc priest calls down the wrath of Beogh upon you.
Beogh smites you! The orc hits you with a +0 hand axe. x2
There are monsters nearby!
You closely miss the orc wizard.
The orc wizard is moderately wounded.
You block the orc wizard's attack. The orc barely misses you.
The orc priest calls down the wrath of Beogh upon you.
Beogh smites you!
* * * LOW HITPOINT WARNING * * *
The orc closely misses you.
The orc wizard points at you and mumbles some strange words.
The puff of flame reflects off an invisible shield around you!
The puff of flame hits the orc wizard!
You are too injured to fight recklessly!
You are too injured to fight recklessly!
Blink to where?
Press: ? - help, Dir - move target
As you read the scroll labelled KUADIOMO TURU, it crumbles to dust.
It was a scroll of blinking.
There is an open door here.
You close the door.
Something unseen breaks down the door.
The orc priest invokes the aid of Beogh against you.
Beogh smites you!
* * * LOW HITPOINT WARNING * * *
The orc priest calls down the wrath of Beogh upon you.
Beogh smites you!
You die...

......# #.#.##......#.........#
......# #.#.##......#########.#
......# #.#.##......##......#..
....^.# ##.#.##..)...##...##.###
......# #....##......##.........
.#########....##............#.#.#
o.............#####.#.......#.#..
o#########....#####.#.......#.#.#
.# #######....o.@...........#.#..
.# #......o..######.....#.#.#.#.#
.# #.....o##### #.....#.#.#.#..
.# #..........# #.....#.#.....#
########......# #.....#.###.#..
.o..o..o......# #.....#.###.###
########......# #.......#......
##.##### ###.#######...... #.#
#................


You could see an orc priest, an orc wizard and an orc.

Vanquished Creatures
  A bullfrog skeleton (D:4)
  An iguana (D:4)
  A hound skeleton (D:4)
  4 gnolls
  3 adders
  A worm (D:3)
  3 dart slugs
  4 orcs
  6 endoplasms
  2 giant cockroaches
  5 hobgoblins
  3 jackals (D:4)
  5 kobolds
  3 quokkas
  7 ball pythons
  3 bats
  3 goblins
  3 rats
58 creatures vanquished.

Notes
Turn   | Place    | Note
-------+----------+-------------------------------------------
     0 | D:1      | Lekart the Draconian Fighter began the quest for the Orb.
     0 | D:1      | Reached XP level 1. HP: 19/19 MP: 1/1
   165 | D:1      | Reached XP level 2. HP: 23/26 MP: 2/2
   551 | D:1      | Found a faded altar of an unknown god.
   777 | D:2      | Found Zuomaidd's General Store.
   939 | D:2      | Reached XP level 3. HP: 33/33 MP: 3/3
  1679 | D:3      | Reached skill level 4 in Fighting
  1872 | D:3      | Reached XP level 4. HP: 40/40 MP: 4/4
  2989 | D:4      | Reached XP level 5. HP: 32/47 MP: 5/5
  3685 | D:4      | Killed from afar by an orc priest

Illustrated notes

Levels and vault maps discovered:
D:1:      dpeg_arrival_tiny_j, layout_rooms,
          shapermc_ecumenical_altar_mp_vishouse, minmay_quantized
D:2:      layout_loops_ring, serial_shops, shop
D:3:      layout_basic
D:4:      layout_basic

Skill      XL: |  1  2  3  4 |
---------------+-------------+-----
Dodging        | 3 |  3.5
Fighting       | 4 |  4.7
Long Blades    | 3 |  3.3
Polearms       | |  0.1
Shields        | |  3.9

Action                   |  1- 3 |  4- 6 || total
-------------------------+-------+-------++-------
Melee: Long sword        |   121 |    28 ||   149
       Tailslap          |     9 |    14 ||    23
       Spear             |       |    44 ||    44
  Use: Scroll            |     4 |     1 ||     5
 Stab: Sleeping          |     3 |     1 ||     4
Armor: Skin              |    35 |    12 ||    47
Dodge: Dodged            |    69 |    30 ||    99
Block: Buckler           |    64 |    29 ||    93
       Reflection        |       |     3 ||     3

Table legend: (Time is in decaauts)
 A = Elapsed time spent in this place.
 B = Non-inter-level travel time spent in this place.
 C = Inter-level travel time spent in this place.
 D = Time resting spent in this place.
 E = Time spent auto-exploring this place.
 F = Levels seen in this place.
 G = Mean time per level.
                   A        B        C        D        E       F      G
               +--------+--------+--------+--------+--------+-----+--------+
         Total |   3740 |   3678 |     62 |    142 |   2919 |   4 |  935.0 |
       Dungeon |   3740 |   3678 |     62 |    142 |   2919 |   4 |  935.0 |
               +--------+--------+--------+--------+--------+-----+--------+

Top non-repeatable levels by time:
     D:4: 1176 daAuts
     D:2: 1025 daAuts
     D:3: 891 daAuts
     D:1: 646 daAuts
